NCAA
MISSISSIPPI REBELS @ CALIFORNIA GOLDEN BEARS
04/11/2024
 
TOP OF THE 1ST
Mississippi Rebels batting - Pitching for California Golden Bears : LHP Nick Walters
Pitching: LHP Nick Walters
Batting: LHB Walt Ward 0-0: Ball
1-0: Ball
2-0: Foul Ball, location: 2F
2-1: Foul Ball, location: 2F
2-2: Strikes out swinging
Batting: RHB Alejandro Ruíz 0-0: Foul Ball, location: 2F
0-1: Ball
1-1: Swinging Strike
1-2: Ball
2-2: Strikes out looking
Batting: RHB Norm Richardson 0-0: Swinging Strike
0-1: Ball
1-1: Ball
2-1: Swinging Strike
2-2: Ball
3-2: Foul Ball, location: 2F
3-2: Foul Ball, location: 2F
3-2: Strikes out swinging
Top of the 1st over - 0 run(s), 0 hit(s), 0 error(s), 0 left on base; Mississippi 0 - California 0
BOTTOM OF THE 1ST
California Golden Bears batting - Pitching for Mississippi Rebels : RHP Ron Brooks
Pitching: RHP Ron Brooks
Batting: LHB Noah Gillespie 0-0: Foul Ball, location: 2F
0-1: Ball
1-1: Swinging Strike
1-2: Strikes out swinging
Batting: RHB Júlio López 0-0: Ball
1-0: Ball
2-0: Fly out, F8 (Line Drive, 8RM)
Batting: SHB Chris Woods 0-0: Called Strike
0-1: Foul Ball, location: 2F
0-2: Strikes out swinging
Bottom of the 1st over - 0 run(s), 0 hit(s), 0 error(s), 0 left on base; Mississippi 0 - California 0
TOP OF THE 2ND
Mississippi Rebels batting - Pitching for California Golden Bears : LHP Nick Walters
Batting: LHB Todd Anderson 0-0: Foul Ball, location: 2F
0-1: Ball
1-1: Foul Ball, location: 2F
1-2: Strikes out swinging
Batting: RHB Anthony Stanley 0-0: Ball
1-0: Ball
2-0: Called Strike
2-1: Swinging Strike
2-2: Ground out 6-3 (Groundball, 6)
Batting: LHB Jeff Forsyth 0-0: Ground out 5-3 (Groundball, 56S)
Top of the 2nd over - 0 run(s), 0 hit(s), 0 error(s), 0 left on base; Mississippi 0 - California 0
BOTTOM OF THE 2ND
California Golden Bears batting - Pitching for Mississippi Rebels : RHP Ron Brooks
Batting: LHB Sergio Fernández 0-0: Ball
1-0: Foul Ball, location: 2F
1-1: Foul Ball, location: 2F
1-2: Fly out, F8 (Flyball, 8LM)
Batting: RHB Phil Garne 0-0: Ball
1-0: Swinging Strike
1-1: Swinging Strike
1-2: Strikes out swinging
Batting: RHB Richard Stroud 0-0: Ball
1-0: Foul Ball, location: 2F
1-1: Foul Ball, location: 2F
1-2: Ball
2-2: Ground out 1-3 (Groundball, 13)
Bottom of the 2nd over - 0 run(s), 0 hit(s), 0 error(s), 0 left on base; Mississippi 0 - California 0
TOP OF THE 3RD
Mississippi Rebels batting - Pitching for California Golden Bears : LHP Nick Walters
Batting: LHB Howard Evans 0-0: Foul Ball, location: 2F
0-1: Foul Ball, location: 2F
0-2: Foul Ball, location: 2F
0-2: Strikes out swinging
Batting: RHB Matt Thompson 0-0: Called Strike
0-1: Foul Ball, location: 2F
0-2: Foul Ball, location: 2F
0-2: Ball
1-2: Foul Ball, location: 2F
1-2: Ball
2-2: SINGLE (Line Drive, 7S)
Batting: RHB Paul Brown 0-0: Called Strike
0-1: Fly out, F8 (Flyball, 8LS)
Batting: LHB Walt Ward 0-0: Ball
1-0: Ground out 4-3 (Groundball, 4)
Top of the 3rd over - 0 run(s), 1 hit(s), 0 error(s), 1 left on base; Mississippi 0 - California 0
BOTTOM OF THE 3RD
California Golden Bears batting - Pitching for Mississippi Rebels : RHP Ron Brooks
Batting: RHB Marv Shepard 0-0: Foul Ball, location: 2F
0-1: Ball
1-1: Ball
2-1: Swinging Strike
2-2: Strikes out swinging
Batting: RHB Robin Dobson 0-0: Called Strike
0-1: Ball
1-1: Ball
2-1: Swinging Strike
2-2: Ground out U3 (Groundball, 3S)
Batting: SHB Jeff McGill 0-0: Ball
1-0: Bunted foul
1-1: DOUBLE (Flyball, 78M)
Batting: LHB Noah Gillespie 0-0: Ball
1-0: Swinging Strike
1-1: Swinging Strike
1-2: Ball
2-2: Ball
3-2: Strikes out looking
Bottom of the 3rd over - 0 run(s), 1 hit(s), 0 error(s), 1 left on base; Mississippi 0 - California 0
TOP OF THE 4TH
Mississippi Rebels batting - Pitching for California Golden Bears : LHP Nick Walters
Batting: RHB Alejandro Ruíz 0-0: Ball
1-0: Foul Ball, location: 2F
1-1: SINGLE (Line Drive, 6M)
Batting: RHB Norm Richardson 0-0: Foul Ball, location: 2F
0-1: Called Strike
0-2: Strikes out swinging
Batting: LHB Todd Anderson 0-0: Ball
1-0: Ball
2-0: Ball
3-0: Called Strike
3-1: Foul Ball, location: 2F
3-2: Base on Balls
Alejandro Ruíz to second
Batting: RHB Anthony Stanley 0-0: Ball
1-0: Called Strike
1-1: Ball
2-1: Called Strike
2-2: Strikes out looking
Batting: LHB Jeff Forsyth 0-0: Ball
1-0: Foul Ball, location: 2F
1-1: Ball
2-1: Ball
3-1: Base on Balls
Alejandro Ruíz to third
Todd Anderson to second
Batting: LHB Howard Evans 0-0: Foul Ball, location: 2F
0-1: Ball
1-1: Ground out U3 (Groundball, 3)
Top of the 4th over - 0 run(s), 1 hit(s), 0 error(s), 3 left on base; Mississippi 0 - California 0
BOTTOM OF THE 4TH
California Golden Bears batting - Pitching for Mississippi Rebels : RHP Ron Brooks
Batting: RHB Júlio López 0-0: Ball
1-0: Ball
2-0: Ball
3-0: Base on Balls
Batting: SHB Chris Woods 0-0: Ball
Júlio López steals 2nd base
1-0: Ball
2-0: Ball
3-0: Called Strike
3-1: Base on Balls
Batting: LHB Sergio Fernández 0-0: Called Strike
0-1: Fly out, F8 (Flyball, 78M)
Batting: RHB Phil Garne 0-0: Fielders Choice at 2nd, 4-6 (Groundball, 4)
Júlio López to third
Batting: RHB Richard Stroud 0-0: Ball
1-0: Called Strike
1-1: Foul Ball, location: 2F
1-2: Ball
2-2: Fly out, F9 (Flyball, 9M)
Bottom of the 4th over - 0 run(s), 0 hit(s), 0 error(s), 2 left on base; Mississippi 0 - California 0
TOP OF THE 5TH
Mississippi Rebels batting - Pitching for California Golden Bears : LHP Nick Walters
Batting: RHB Matt Thompson 0-0: Called Strike
0-1: Swinging Strike
0-2: Foul Ball, location: 2F
0-2: Foul Ball, location: 2F
0-2: Ball
1-2: Ball
2-2: Strikes out swinging
Batting: RHB Paul Brown 0-0: Foul Ball, location: 2F
0-1: Foul Ball, location: 2F
0-2: Foul Ball, location: 2F
0-2: Ball
1-2: Foul Ball, location: 2F
1-2: Fly out, F8 (Flyball, 8RM)
Batting: LHB Walt Ward 0-0: Foul Ball, location: 2F
0-1: Called Strike
0-2: Ball
1-2: Foul Ball, location: 2F
1-2: Ground out 4-3 (Groundball, 4)
Top of the 5th over - 0 run(s), 0 hit(s), 0 error(s), 0 left on base; Mississippi 0 - California 0
BOTTOM OF THE 5TH
California Golden Bears batting - Pitching for Mississippi Rebels : RHP Ron Brooks
Batting: RHB Marv Shepard 0-0: Called Strike
0-1: Ball
1-1: Called Strike
1-2: DOUBLE (Line Drive, 7LS)
Batting: RHB Robin Dobson 0-0: DOUBLE (Flyball, 8LM)
Marv Shepard scores
Batting: SHB Jeff McGill 0-0: Ball
1-0: Ball
2-0: Ball
3-0: Called Strike
3-1: Called Strike
3-2: Strikes out swinging
Batting: LHB Noah Gillespie 0-0: Foul Ball, location: 2F
0-1: Fly out, F8 (Flyball, 8RM)
Batting: RHB Júlio López 0-0: Foul Ball, location: 2F
0-1: Ball
1-1: Fly out, F6 (Popup, 6D)
Bottom of the 5th over - 1 run(s), 2 hit(s), 0 error(s), 1 left on base; Mississippi 0 - California 1
TOP OF THE 6TH
Mississippi Rebels batting - Pitching for California Golden Bears : LHP Nick Walters
Pitching: RHP Charles Schneider
Batting: RHB Alejandro Ruíz 0-0: Called Strike
0-1: Fly out, F8 (Flyball, 78M)
Batting: RHB Norm Richardson 0-0: Called Strike
0-1: Foul Ball, location: 2F
0-2: Foul Ball, location: 2F
0-2: Ball
1-2: Ball
2-2: Foul Ball, location: 2F
2-2: Ball
3-2: Base on Balls
Batting: LHB Todd Anderson 0-0: Ball
1-0: Called Strike
1-1: Ball
2-1: Fly out, F7 (Flyball, 8LS)
Batting: RHB Anthony Stanley 0-0: SINGLE (Groundball, 34S)
Norm Richardson to second
Runner from 2nd tries for 3rd, SAFE, throw made to third
Batting: LHB Jeff Forsyth 0-0: Fly out, F6 (Popup, 6M)
Top of the 6th over - 0 run(s), 1 hit(s), 0 error(s), 2 left on base; Mississippi 0 - California 1
BOTTOM OF THE 6TH
California Golden Bears batting - Pitching for Mississippi Rebels : RHP Ron Brooks
Batting: SHB Chris Woods 0-0: Ball
1-0: Fly out, F6 (Popup, 78S)
Batting: LHB Sergio Fernández 0-0: Ball
1-0: Ground out U3 (Groundball, 3L)
Batting: RHB Phil Garne 0-0: Ball
1-0: Called Strike
1-1: Ball
2-1: Foul Ball, location: 2F
2-2: DOUBLE (Flyball, 8RD)
Pitching: LHP Chris Riddle
Batting: RHB Richard Stroud 0-0: Foul Ball, location: 2F
0-1: Called Strike
0-2: Ball
1-2: Foul Ball, location: 2F
1-2: Hit by Pitch
Batting: RHB Marv Shepard 0-0: Called Strike
0-1: Ball
1-1: Foul Ball, location: 2F
1-2: Ball
Wild Pitch!
Phil Garne to third
Richard Stroud to second
2-2: Ball
3-2: Base on Balls
Batting: RHB Robin Dobson 0-0: Foul Ball, location: 2F
0-1: Fly out, F9 (Line Drive, 89M)
Bottom of the 6th over - 0 run(s), 1 hit(s), 0 error(s), 3 left on base; Mississippi 0 - California 1
TOP OF THE 7TH
Mississippi Rebels batting - Pitching for California Golden Bears : RHP Charles Schneider
Batting: LHB Howard Evans 0-0: Ball
1-0: Ball
2-0: SINGLE (Line Drive, 4MD)
Batting: RHB Matt Thompson 0-0: Hit by Pitch
Howard Evans to second
Batting: RHB Paul Brown 0-0: Sac Bunt - play at first, batter OUT! 1-4
Howard Evans to third
Matt Thompson to second
Batting: LHB Walt Ward 0-0: Called Strike
0-1: Called Strike
0-2: Ball
1-2: Fly out, F7 (Flyball, 7M)
Runner from 3rd tags up, SCORES, throw made
Pinch Hitting: LHB Roger Warren 0-0: Called Strike
0-1: Ball
1-1: Ground out 4-3 (Groundball, 4)
Top of the 7th over - 1 run(s), 1 hit(s), 0 error(s), 1 left on base; Mississippi 1 - California 1
BOTTOM OF THE 7TH
California Golden Bears batting - Pitching for Mississippi Rebels : LHP Chris Riddle
Now at 1B: Roger Warren
Batting: SHB Jeff McGill 0-0: Ball
1-0: Called Strike
1-1: Ball
2-1: Ball
3-1: Called Strike
3-2: Base on Balls
Batting: LHB Noah Gillespie 0-0: Ball
1-0: Ball
Jeff McGill is caught stealing 2nd base
2-0: Called Strike
2-1: Swinging Strike
2-2: Foul Ball, location: 2F
2-2: Ball
3-2: Strikes out swinging
Batting: RHB Júlio López 0-0: Foul Ball, location: 2F
0-1: SINGLE (Groundball, 2L) (infield hit)
Batting: SHB Chris Woods 0-0: Ball
1-0: Called Strike
1-1: Ball
2-1: Foul Ball, location: 2F
2-2: Ball
3-2: Foul Ball, location: 2F
3-2: SINGLE (Groundball, 4)
Júlio López to second
Júlio López to third
Batting: LHB Sergio Fernández 0-0: Ball
1-0: Called Strike
1-1: Foul Ball, location: 2F
1-2: Ball
2-2: Strikes out swinging
Bottom of the 7th over - 0 run(s), 2 hit(s), 0 error(s), 2 left on base; Mississippi 1 - California 1
TOP OF THE 8TH
Mississippi Rebels batting - Pitching for California Golden Bears : RHP Charles Schneider
Pitching: RHP Ricardo Martínez
Batting: RHB Norm Richardson 0-0: Ball
1-0: Ball
2-0: Reached on error, E5 (Groundball, 56)
Batting: LHB Todd Anderson 0-0: Called Strike
0-1: Foul Ball, location: 2F
0-2: Ball
1-2: DOUBLE (Line Drive, 9LM)
Norm Richardson to third
Batting: RHB Anthony Stanley 0-0: Ball
1-0: Ball
2-0: Ball
3-0: Base on Balls
Batting: LHB Jeff Forsyth 0-0: Called Strike
0-1: Ball
1-1: Ball
2-1: Called Strike
2-2: Foul Ball, location: 2F
2-2: SINGLE (Groundball, 3)
Norm Richardson scores
Todd Anderson to third
Anthony Stanley to second
Runner from 3rd tries for Home, throw and OUT!
Batting: LHB Howard Evans 0-0: Called Strike
0-1: Swinging Strike
0-2: Ball
1-2: Ball
2-2: Fly out, F8 (Flyball, 8RD)
Runner from 2nd tags up, SAFE at 3rd, no throw
Batting: RHB Matt Thompson 0-0: Called Strike
0-1: Foul Ball, location: 2F
0-2: Strikes out looking
Top of the 8th over - 1 run(s), 2 hit(s), 1 error(s), 2 left on base; Mississippi 2 - California 1
BOTTOM OF THE 8TH
California Golden Bears batting - Pitching for Mississippi Rebels : LHP Chris Riddle
Pitching: RHP Shawn Montoya
Batting: RHB Phil Garne 0-0: Called Strike
0-1: Called Strike
0-2: Ball
1-2: Foul Ball, location: 2F
1-2: Ball
2-2: Strikes out swinging
Batting: RHB Richard Stroud 0-0: Ball
1-0: Swinging Strike
1-1: Ball
2-1: Ground out 1-3 (Groundball, 15)
Batting: RHB Marv Shepard 0-0: Foul Ball, location: 2F
0-1: Ball
1-1: Swinging Strike
1-2: Foul Ball, location: 2F
1-2: Strikes out looking
Bottom of the 8th over - 0 run(s), 0 hit(s), 0 error(s), 0 left on base; Mississippi 2 - California 1
TOP OF THE 9TH
Mississippi Rebels batting - Pitching for California Golden Bears : RHP Ricardo Martínez
Batting: RHB Paul Brown 0-0: Called Strike
0-1: Called Strike
0-2: Foul Ball, location: 2F
0-2: Ball
1-2: Foul Ball, location: 2F
1-2: Ball
2-2: Ball
3-2: Foul Ball, location: 2F
3-2: Foul Ball, location: 2F
3-2: Ground out 3-1 (Groundball, 34S)
Batting: LHB Walt Ward 0-0: Ball
1-0: Called Strike
1-1: Foul Ball, location: 2F
1-2: Fly out, F7 (Flyball, 7LM)
Batting: LHB Roger Warren 0-0: Ball
1-0: Called Strike
1-1: Swinging Strike
1-2: Strikes out swinging
Top of the 9th over - 0 run(s), 0 hit(s), 0 error(s), 0 left on base; Mississippi 2 - California 1
BOTTOM OF THE 9TH
California Golden Bears batting - Pitching for Mississippi Rebels : RHP Shawn Montoya
Pitching: RHP Bob Martin
Batting: RHB Robin Dobson 0-0: Ball
1-0: Fly out, F7 (Flyball, 78S)
Pinch Hitting: LHB Jeff West 0-0: Called Strike
0-1: Ball
1-1: Called Strike
1-2: Strikes out swinging
Batting: LHB Noah Gillespie 0-0: Called Strike
0-1: Ground out 4-3 (Groundball, 34)
Bottom of the 9th over - 0 run(s), 0 hit(s), 0 error(s), 0 left on base; Mississippi 2 - California 1
This league is powered by Out of the Park Baseball, the baseball management simulation game for PC, Mac and Linux
Saturday, April 9th, 2016 - OOTP Baseball 16.8 Build 38